 Dungeon Crawl Stone Soup version 0.30-a0-743-gbfdf073431 (webtiles) character file.

Game seed: 2777750398131638047

63 McKennaii the Conjurer (level 3, 0/29 HPs)
             Began as a Demigod Reaver on Feb 5, 2023.
             Killed from afar by an orc wizard (9 damage)
             ... with a puff of flame
             ... on level 3 of the Dungeon.
             The game lasted 00:01:53 (1513 turns).

McKennaii the Conjurer (Demigod Reaver)             Turns: 1513, Time: 00:01:54

Health: 0/29       AC:  4    Str: 17    XL:     3   Next: 63%
Magic:  17/17      EV: 12    Int: 15    God:
Gold:   76         SH:  0    Dex: 12    Spells: 5/6 levels left

rFire   . . .      SeeInvis .    a - +0 spear
rCold   . . .      Faith    .    (no shield)
rNeg    . . .      Spirit   .    b - +0 leather armour
rPois   .          Reflect  .    (no helmet)
rElec   .          Harm     .    c - +0 cloak
rCorr   .          Rampage  .    (no gloves)
Will    .....                    (no boots)
Stlth   +                        (no amulet)
HPRegen 0.24/turn                q - ring of magical power
MPRegen 0.15/turn                (no ring)

@: hasted, very quick
A: high MP 1, forlorn, divine attributes
a: no special abilities


You were on level 3 of the Dungeon.
You visited 1 branch of the dungeon, and saw 3 of its levels.

You collected 76 gold pieces.

Inventory:

Hand Weapons
 a - a +0 spear (weapon)
Armour
 b - a +0 leather armour (worn)
 c - a +0 cloak (worn)
 o - a +0 pair of gloves
Magical Staves
 g - a staff of fire
 t - a staff of earth
Jewellery
 q - a ring of magical power (left hand)
Scrolls
 e - a scroll of summoning {unknown}
 h - a scroll of noise {unknown}
 j - a scroll of identify {unknown}
 m - 2 scrolls of enchant weapon {unknown}
 n - a scroll of amnesia {unknown}
 r - a scroll of immolation {unknown}
 s - a scroll of poison {unknown}
Potions
 f - a potion of curing {unknown}
 i - a potion of heal wounds {unknown}
 k - a potion of brilliance {unknown}
 l - 3 potions of attraction {unknown}
 p - a potion of berserk rage {unknown}


   Skills:
 + Level 2.3 Fighting
 + Level 3.1 Polearms
 + Level 2.3 Dodging
 + Level 2.2 Spellcasting
 + Level 3.1 Conjurations


You had 5 spell levels left.
You knew the following spells:

 Your Spells              Type           Power      Damage    Failure   Level
a - Kiss of Death         Conj/Necr      24%        2d7       14%         1

Your spell library contained the following spells:

 Spells                   Type           Power      Damage    Failure   Level
 Momentum Strike          Conj/Tloc      12%        3d8       22%         2
 Ensorcelled Hibernation  Hex/Ice        2%         N/A       38%         2
 Lesser Beckoning         Tloc           2%         N/A       38%         2
 Passwall                 Tmut/Erth      0%         N/A       38%         2
 Hailstorm                Conj/Ice       6%         3d4       38%         3
 Gell's Gravitas          Tloc           1%         N/A       63%         3
 Swiftness                Air            1%         N/A       63%         3
 Teleport Other           Tloc           1%         N/A       63%         3


Dungeon Overview and Level Annotations

Branches:
Dungeon (3/15)


Innate Abilities, Weirdness & Mutations

You have an increased reservoir of magic. (+10% MP)
You shall have no god before yourself.
Your divine heritage dramatically boosts your attributes as you level up.


Message History

You barely miss the orc wizard.
The orc wizard is almost dead.
The orc misses you. The orc wizard completely misses you.
An orc wizard comes into view. It is wielding a +0 dagger.
The orc hits you with a +0 club.
You barely miss the orc wizard.
The orc wizard is almost dead.
The orc wizard shouts!
The orc barely misses you.
The orc wizard hits you with a +0 dagger.
The orc hits you with a +0 club.
You are too injured to fight recklessly!
You are too injured to fight recklessly!
You are too injured to fight recklessly!
You are too injured to fight recklessly!
You are too injured to fight recklessly!
You are too injured to fight recklessly!
You are too injured to fight recklessly!
You are too injured to fight recklessly!
You are too injured to fight recklessly!
You are too injured to fight recklessly!
You are too injured to fight recklessly!
You are too injured to fight recklessly!
You are too injured to fight recklessly!
You are too injured to fight recklessly!
You are too injured to fight recklessly!
You are too injured to fight recklessly!
The orc wizard attacks as you move away!
The orc wizard hits you with a +0 dagger.
* * * LOW HITPOINT WARNING * * *
The orc wizard mumbles some strange words.
The orc wizard flickers and vanishes!
Deactivating autopickup; reactivate with Ctrl-A.
The orc barely misses you.
You see here a scroll labelled BIGEOC QIUSI.
It was a potion of haste.
You feel yourself speed up. The orc hits you but does no damage.
A puff of flame appears from out of thin air!
The puff of flame hits you!
You die...

#..##.. #. #.....
#..#..#.# #.......##
#.....o.# #
#..#.##o.#.#..
######{........
#..............
#..@.o.........
##########....####.#....
..............## .#..?.
.......<............ ...
#####.........##.#### .#
#...#.#.....# #
#...#...#.....# ..#
#..##....... . #...
#.....###


You could see an orc wizard and an orc.

Vanquished Creatures
  Jessica (D:2)
  A dart slug (D:2)
  2 orcs
  2 ball pythons (D:1)
  4 endoplasms
  2 giant cockroaches (D:1)
  4 goblins
  4 hobgoblins
  2 bats (D:1)
  3 frilled lizards
  4 kobolds
  A rat (D:1)
30 creatures vanquished.

Notes
Turn   | Place    | Note
-------+----------+-------------------------------------------
     0 | D:1      | McKennaii the Demigod Reaver began the quest for the Orb.
     0 | D:1      | Reached XP level 1. HP: 17/17 MP: 5/5
   208 | D:1      | Reached XP level 2. HP: 24/24 MP: 7/7
  1129 | D:2      | Reached XP level 3. HP: 29/29 MP: 8/8
  1197 | D:2      | Noticed Jessica
  1214 | D:2      | Killed Jessica
  1513 | D:3      | Killed from afar by an orc wizard

Illustrated notes

Levels and vault maps discovered:
D:1:      minmay_arrival_four_circles, layout_basic, minmay_bisected
D:2:      layout_basic, uniq_jessica
D:3:      minmay_chambers_of_threes, layout_rooms,
          nicolae_uskayaw_murder_on_the_dancefloor,
          mainiacjoe_overflow_six_doors_small, uniq_robin,
          uniq_crazy_yiuf_cottage

Skill      XL: |  1  2 |
---------------+-------+-----
Fighting       | 2 |  2.3
Dodging        | 2 |  2.3
Spellcasting   | 2 |  2.2
Polearms       | 3 |  3.1
Conjurations   | 3 |  3.1

Action                     || total
---------------------------++-------
  Melee: Spear             ||   112
    Use: Potion            ||     1
   Stab: Sleeping          ||     1
 Armour: Leather armour    ||    22
  Dodge: Dodged            ||    40

Table legend: (Time is in decaauts)
 A = Elapsed time spent in this place.
 B = Non-inter-level travel time spent in this place.
 C = Inter-level travel time spent in this place.
 D = Time resting spent in this place.
 E = Time spent auto-exploring this place.
 F = Levels seen in this place.
 G = Mean time per level.
                   A        B        C        D        E       F      G
               +--------+--------+--------+--------+--------+-----+--------+
         Total |   1506 |   1475 |     31 |      6 |   1176 |   3 |  502.0 |
       Dungeon |   1506 |   1475 |     31 |      6 |   1176 |   3 |  502.0 |
               +--------+--------+--------+--------+--------+-----+--------+

Top non-repeatable levels by time:
     D:2: 913 daAuts
     D:1: 565 daAuts
     D:3: 27 daAuts
